 Dungeon Crawl Stone Soup version 0.28.0-45-g0d030f2227 (webtiles) character file.

Game seed: 2152116908122824045

1251 Fartwhistle the Ducker (level 8, 0/59 HPs)
             Began as a Djinni Fire Elementalist on Apr 17, 2022.
             Was an Initiate of Makhleb.
             Slain by a water moccasin skeleton (7 damage)
             ... on level 5 of the Dungeon.
             The game lasted 00:20:13 (6621 turns).

Fartwhistle the Ducker (Djinni Fire Elementalist)   Turns: 6621, Time: 00:20:14

Health: 0/59       AC:  4    Str:  7    XL:     8   Next: 80%
Gold:   114        EV: 14    Int: 19    God:    Makhleb [......] SH:  0 Dex: 14

rFire   + + .      SeeInvis .   c - +1 spear (vorpal)
rCold   x . .      Faith    .   (no shield)
rNeg    . . .      Spirit   .   a - +0 robe
rPois   ∞          Reflect  .   g - +0 hat
rElec   .          Harm     .   (no cloak)
rCorr   .          Rampage  .   d - +1 pair of gloves
Will    .....                   (boots unavailable)
Stlth   ++........              (no amulet)
HPRegen 0.19/turn               (no ring)
MPRegen 0.00/turn               (no ring)

@: flying, studying Armour
A: sickness immunity, fire resistance 2, cold vulnerability 1, float, innate
caster, HP casting, extra vitality 1
a: Renounce Religion


You were on level 5 of the Dungeon.
You worshipped Makhleb.
Makhleb was noncommittal.
You visited 2 branches of the dungeon, and saw 6 of its levels.

You collected 114 gold pieces.

Inventory:

Hand Weapons
 c - a +1 vorpal spear (weapon)
 e - a +1 dagger of pain
 l - a +2 whip of venom
Armour
 a - a +0 robe (worn)
 d - a +1 pair of gloves (worn)
 g - a +0 hat (worn)
Wands
 u - a wand of digging (3)
Scrolls
 b - 2 scrolls of enchant armour {unknown}
 i - a scroll of magic mapping {unknown}
 j - a scroll of immolation {unknown}
 k - a scroll of teleportation {unknown}
 n - 2 scrolls of identify {unknown}
 o - a scroll of vulnerability {unknown}
 t - a scroll of enchant weapon {unknown}
Potions
 f - 3 potions of curing {unknown}
 h - 4 potions of haste {unknown}
 m - 3 potions of degeneration {unknown}
 p - a potion of invisibility {unknown}
 q - a potion of resistance {unknown}
 r - a potion of brilliance {unknown}
 s - 3 potions of attraction {unknown}


   Skills:
 + Level 5.0 Fighting
 + Level 5.4 Armour
 + Level 6.1 Dodging
 - Level 1.5 Stealth
 + Level 4.6 Spellcasting


You couldn't memorise any spells.
You knew the following spells:

 Your Spells              Type           Power      Damage    Failure   Level
a - Foxfire               Conj/Fire      88%        2x1d8     1%          1
b - Scorch                Fire           44%        2d7       2%          2
c - Conjure Flame         Conj/Fire      22%        6-21      5%          3
d - Inner Flame           Hex/Fire       22%        N/A       5%          3
e - Flame Wave            Conj/Fire      22%        2d7       19%         4
f - Freeze                Ice            88%        1d10      1%          1
g - Static Discharge      Conj/Air       22%        N/A       2%          2
h - Call Imp              Summ           22%        N/A       2%          2
Your spell library was empty.

Dungeon Overview and Level Annotations

Branches:
Dungeon (5/15)             Temple (1/1) D:4

Altars:
Ashenzari
Cheibriados
Dithmenos
Fedhas
Kikubaaqudgha
Makhleb
Okawaru
Trog
Vehumet
Wu Jian
Xom
The Shining One

Shops:
D:2 :


Innate Abilities, Weirdness & Mutations

You are immune to sickness and miasma.
You are immune to poison.
Your flesh is very heat resistant. (rF++)
You are vulnerable to cold. (rC-)
You float through the air rather than walking.
You learn spells naturally, not from books.
Your magical power is your life essence.
You have superior vitality. (+4 MHP)


Message History

You hit the adder.
Flame seeps out of the adder. x2
The adder is moderately wounded.
The adder is engulfed in blazing flames.
Makhleb accepts your kill.
The adder explodes!
The fiery explosion engulfs you. You resist.
* * * LOW HITPOINT WARNING * * *
The fiery explosion engulfs the wyvern zombie!!
The wyvern zombie is almost destroyed.
The wyvern zombie is engulfed in blazing flames.
The wyvern zombie is engulfed in blazing flames.
You destroy the wyvern zombie!
Makhleb accepts your kill.
The water moccasin skeleton is engulfed in blazing flames.
Your Fighting skill increases to level 5!
Found 14 gold pieces.
The water moccasin skeleton is engulfed in blazing flames.
The water moccasin skeleton is engulfed in blazing flames.
You barely miss the water moccasin skeleton.
The water moccasin skeleton is severely damaged.
The water moccasin skeleton bites you.
* * * LOW HITPOINT WARNING * * *
You barely miss the water moccasin skeleton.
The water moccasin skeleton is severely damaged.
The water moccasin skeleton bites you.
* * * LOW HITPOINT WARNING * * *
You closely miss the water moccasin skeleton.
The water moccasin skeleton is severely damaged.
The water moccasin skeleton bites you.
* * * LOW HITPOINT WARNING * * *
The water moccasin skeleton bites you.
* * * LOW HITPOINT WARNING * * *
The water moccasin skeleton closely misses you.
The water moccasin skeleton misses you.
The water moccasin skeleton bites you but does no damage.
The water moccasin skeleton barely misses you.
The water moccasin skeleton bites you.
* * * LOW HITPOINT WARNING * * *
The water moccasin skeleton bites you!
You die...

######.#.#.####..#
##.##.# ##.# ####.# #.#
####### #.# #.# ......#
##.## #.# ......# #...#
##.# ......# #...#
#..####^## ......#
#...###.........
......###......Z@.#
.................<####..
.....)...................
#####....†........##.#(.#
# ###.#....###....... #
#.#........###.#... #
#.#....##### # ## .#
#.#....# # #.##.#.#


You could see a water moccasin skeleton.

Vanquished Creatures
  Pikel (D:4)
  Sigmund (D:2)
  2 ogres
  4 lemures (Temple)
  A wyvern zombie (D:5)
  A scorpion (D:4)
  A howler monkey (D:4)
  A centaur zombie (D:5)
  A hound (D:5)
  Ijyb (D:5)
  An iguana (D:4)
  Terence (D:2)
  An orc wizard (D:3)
  7 adders
  An ufetubus (D:4)
  An adder skeleton (D:4)
  A worm (D:2)
  2 dart slugs
  9 orcs
  10 endoplasms
  4 giant cockroaches
  6 hobgoblins
  8 kobolds
  A quokka (D:1)
  8 ball pythons
  6 bats
  A frilled lizard (D:3)
  13 goblins
  4 rats
99 creatures vanquished.

Vanquished Creatures (others)
  234 foxfires
234 creatures vanquished.

Grand Total: 333 creatures vanquished

Notes
Turn   | Place    | Note
-------+----------+-------------------------------------------
     0 | D:1      | Fartwhistle the Djinni Fire Elementalist began the quest
                  | for the Orb.
     0 | D:1      | Reached XP level 1. HP: 15/15 MP: 0/0
   287 | D:1      | Reached XP level 2. HP: 19/22 MP: 0/0
   449 | D:1      | Reached skill level 1 in Fighting
   833 | D:1      | Reached XP level 3. HP: 19/27 MP: 0/0
   833 | D:1      | Learned a level 1 spell: Freeze
  1092 | D:1      | Found a faded altar of an unknown god.
  1472 | D:2      | Noticed Terence
  1480 | D:2      | Killed Terence
  1481 | D:2      | Reached skill level 3 in Dodging
  1481 | D:2      | Reached XP level 4. HP: 13/33 MP: 0/0
  1824 | D:2      | Found Bywnueho's Book Shop.
  1843 | D:2      | Noticed Sigmund
  2745 | D:3      | Noticed an ogre
  2853 | D:3      | Reached XP level 5. HP: 37/38 MP: 0/0
  2853 | D:3      | Learned a level 2 spell: Static Discharge
  3548 | D:3      | Killed an ogre
  3549 | D:3      | Reached skill level 4 in Dodging
  3549 | D:3      | Reached XP level 6. HP: 35/46 MP: 0/0
  4135 | D:4      | Reached skill level 1 in Armour
  4335 | D:4      | Reached XP level 7. HP: 44/50 MP: 0/0
  4335 | D:4      | Learned a level 2 spell: Call Imp
  4622 | D:4      | Found a staircase to the Ecumenical Temple.
  4635 | Temple   | Entered the Ecumenical Temple
  4807 | Temple   | Became a worshipper of Makhleb the Destroyer
  5569 | D:4      | Noticed Pikel
  5578 | D:4      | Killed Pikel
  5579 | D:4      | Reached skill level 5 in Dodging
  5579 | D:4      | Reached XP level 8. HP: 42/58 MP: 0/0
  6030 | D:5      | Entered Level 5 of the Dungeon
  6200 | D:2      | Killed Sigmund
  6201 | D:2      | Reached skill level 5 in Armour
  6445 | D:5      | Reached skill level 6 in Dodging
  6470 | D:5      | Noticed Ijyb
  6480 | D:5      | Killed Ijyb
  6588 | D:5      | Reached skill level 5 in Fighting
  6621 | D:5      | Slain by a water moccasin skeleton

Illustrated notes

Levels and vault maps discovered:
D:1:      scummos_arrival_simple_fountains, layout_basic,
          chequers_ecumenical_altar_island
D:2:      layout_basic, serial_shops, shop, serial_glass, glass_columns_b,
          glass_columns_a, uniq_sigmund, uniq_terence
D:3:      layout_loops_corners, minmay_ogre_servants
D:4:      layout_basic, minmay_temple_entry_large_hall, minmay_manual_mess,
          uniq_pikel
D:5:      layout_loops_cross, lemuel_tele_altar, old_standard_altar,
          serial_shops, nicolae_diamond_shop, minmay_pentangle, uniq_ijyb
Temple:   nicolae_temple_hex_pool

Skill      XL: |  1  2  3  4  5  6  7  8 |
---------------+-------------------------+-----
Fighting       | 1 2 3 4 5 |  5.0
Dodging        | 3 4 5 6 |  6.1
Spellcasting   | 3 4 |  4.6
Armour         | 1 4 5 |  5.4
Stealth        | |  1.5

Action                   |  1- 3 |  4- 6 |  7- 9 || total
-------------------------+-------+-------+-------++-------
Melee: Unarmed           |     9 |       |       ||     9
       Spear             |     9 |    54 |    24 ||    87
 Cast: Foxfire           |    31 |    36 |    78 ||   145
       Scorch            |     9 |    26 |    22 ||    57
       Conjure Flame     |       |     2 |     2 ||     4
       Inner Flame       |       |       |     1 ||     1
 Stab: Sleeping          |     2 |     4 |       ||     6
Armor: Robe              |     8 |    10 |     7 ||    25
Dodge: Dodged            |    15 |    32 |    28 ||    75
